Map: Ever Dream LE

Players

Serral

  • Race: Zerg Zerg
  • League: Master
  • Spawn Location: 7:00

Neeblet (Neeb) - Winner!

  • Race: Protoss Protoss
  • Spawn Location: 1:00

Event: StayAtHomestory Cup #1

VOD

Have the link to the VOD?

Description

Time

  • Played on: April 11, 2020, 11:53 a.m.
  • Length: 8:00

All games in this series

Show
View Real Time Build Order
Export as new Build Order

Serral Zerg 

Build Orders: Hatch First, Swarm Host 

Get SALT Encoding   

  12  0:01  Drone  
  13  0:08  Drone  
  14  0:32  Hatchery  
  13  0:36  Drone  
  14  0:43  Overlord  
  14  0:49  Extractor  
  14  0:50  Drone  
  15  1:02  Drone x2  
  17  1:08  Drone  
  18  1:14  Spawning Pool  
  17  1:19  Drone  
  17  1:23  Extractor  
  17  1:29  Drone  
  18  1:40  Drone  
  18  1:46  Drone  
  20  1:52  Drone  
  21  1:55  Drone  
  21  2:00  Queen x2  
  26  2:02  Overlord  
  26  2:05  Zergling x2  
  27  2:13  Drone  
  28  2:21  Drone  
  29  2:23  Drone  
  29  2:25  Metabolic Boost  
  29  2:29  Drone  
  31  2:34  Drone  
  31  2:36  Queen  
  34  2:40  Queen  
  36  2:45  Overlord  
  36  2:48  Overlord  
  36  3:03  Zergling x2  
  36  3:04  Zergling x2  
  36  3:05  Drone  
  39  3:06  Drone  
  39  3:09  Drone x6  
  45  3:21  Lair  
  45  3:23  Extractor  
  43  3:32  Drone x4  
  46  3:36  Drone  
  46  3:43  Overlord  
  46  3:45  Drone x4  
  50  3:56  Hatchery, Drone x2  
  50  4:01  Overlord  
  50  4:06  Drone x3  
  52  4:17  Spore Crawler  
  52  4:19  Extractor  
  52  4:23  Drone x5  
  55  4:28  Drone  
  55  4:30  Extractor  
  55  4:32  Zergling x6  
  55  4:33  Infestation Pit  
  55  4:34  Roach Warren  
  56  4:40  Drone, Overlord  
  56  4:45  Overlord  
  57  4:47  Overlord  
  55  5:00  Drone x3  
  57  5:09  Nydus Network  
  56  5:15  Nydus Network, Roach x5  
  56  5:18  Swarm Host x2  
  71  5:23  Overlord  
  71  5:24  Swarm Host  
  73  5:36  Zergling x12  
  78  5:51  Swarm Host x3  
  78  5:55  Overlord  
  87  5:57  Overlord  
  87  6:02  Nydus Canal  
  87  6:04  Spore Crawler  
  87  6:06  Swarm Host  
  87  6:10  Drone x2  
  89  6:13  Swarm Host x2  
  95  6:21  Nydus Canal  
  95  6:24  Drone  
  95  6:25  Drone  
  97  6:27  Zergling x2  
  97  6:28  Overlord  
  97  6:32  Overlord  
  97  6:42  Zergling x4  
  96  6:47  Swarm Host  
  96  6:48  Swarm Host x2  
  105  6:58  Queen x2  
  109  7:01  Queen  
  109  7:06  Nydus Canal  
  105  7:16  Swarm Host x3  
  105  7:22  Overlord  
  112  7:26  Nydus Canal  
  112  7:29  Overlord  
  111  7:30  Spore Crawler, Overlord  
  111  7:31  Drone  
Show
View Real Time Build Order
Export as new Build Order

Neeblet Protoss - Winner!

Build Orders: 1 Gate Expand, Oracle Opening, Phoenix Opening 

Get SALT Encoding   

  12  0:00  Probe  
  13  0:13  Probe  
  14  0:18  Pylon  
  14  0:25  Probe (Chrono Boost)  
  15  0:29  Assimilator  
  15  0:37  Probe (Chrono Boost)  
  16  0:43  Gateway  
  16  0:46  Probe (Chrono Boost)  
  17  0:53  Probe  
  18  1:05  Probe  
  19  1:18  Probe  
  20  1:24  Nexus  
  20  1:32  Cybernetics Core  
  20  1:35  Probe  
  21  1:43  Assimilator  
  21  1:47  Probe  
  21  1:50  Pylon  
  22  1:59  Probe (Chrono Boost)  
  23  2:06  Adept (Chrono Boost)  
  24  2:09  Probe (Chrono Boost), Warp Gate  
  24  2:14  Probe  
  26  2:22  Stargate  
  27  2:26  Probe  
  27  2:28  Adept (Chrono Boost)  
  30  2:35  Probe  
  31  2:38  Probe  
  32  2:47  Probe  
  32  2:49  Adept (Chrono Boost)  
  32  2:50  Probe  
  36  2:56  Gateway  
  36  3:00  Probe  
  36  3:03  Oracle (Chrono Boost)  
  36  3:05  Probe  
  38  3:12  Probe  
  42  3:16  Gateway  
  42  3:20  Pylon  
  42  3:21  Probe  
  43  3:32  Phoenix (Chrono Boost)  
  43  3:33  Probe  
  46  3:37  Probe  
  45  3:44  Assimilator  
  45  3:46  Probe, Assimilator  
  46  3:49  Probe, Pylon  
  46  3:54  Oracle (Chrono Boost)  
  50  3:58  Probe  
  50  4:01  Probe  
  50  4:10  Probe  
  50  4:13  Probe  
  50  4:16  Adept x3  
  58  4:22  Probe  
  58  4:23  Pylon  
  59  4:25  Probe  
  60  4:32  Phoenix, Stargate  
  60  4:38  Pylon  
  62  4:40  Pylon  
  62  4:41  Probe x2  
  64  4:48  Pylon  
  64  4:59  Adept x3  
  70  5:02  Phoenix (Chrono Boost)  
  70  5:06  Probe  
  73  5:12  Nexus  
  74  5:18  Phoenix (Chrono Boost)  
  74  5:20  Robotics Facility  
  75  5:24  Pylon  
  75  5:26  Probe  
  76  5:28  Probe  
  77  5:38  Probe  
  77  5:39  Phoenix  
  80  5:45  Phoenix, Stalker  
  80  5:46  Stalker  
  80  5:47  Sentry  
  88  5:53  Probe x2  
  90  6:07  Immortal (Chrono Boost)  
  90  6:08  Shield Battery  
  90  6:10  Shield Battery  
  90  6:11  Probe x2  
  93  6:13  Phoenix (Chrono Boost)  
  95  6:18  Zealot  
  95  6:19  Zealot  
  95  6:20  Sentry  
  95  6:24  Probe  
  95  6:25  Probe  
  102  6:26  Phoenix (Chrono Boost)  
  102  6:28  Probe  
  105  6:34  Phoenix (Chrono Boost)  
  105  6:37  Probe  
  108  6:43  Probe  
  108  6:46  Zealot x3  
  111  6:48  Probe  
  111  6:52  Immortal (Chrono Boost)  
  117  6:54  Probe  
  117  6:55  Probe  
  117  7:00  Probe  
  107  7:04  Phoenix  
  107  7:06  Probe  
  107  7:07  Zealot x2  
  107  7:08  Zealot  
  116  7:13  Probe  
  114  7:17  Probe  
  113  7:23  Probe  
  113  7:26  Phoenix  
  113  7:27  Assimilator x2  
  117  7:31  Phoenix  
  117  7:34  Pylon  
  117  7:35  Pylon  
  117  7:36  Pylon  
  113  7:54  Zealot x3  
Tags
 
Add a new tag
Caveats
  • Supply blocks, unpowered buildings, or Contaminate may cause inaccurate times.
  • Supply counts are checked every 10 seconds.